 Dungeon Crawl Stone Soup version 0.29-a0-334-gb41bcbb86e (webtiles) character file.

Game seed: 8794597753294992193

37 experimilk the Cudgeller (level 3, -1/31 HPs)
             Began as a Palentonga Fighter on Apr 14, 2022.
             Slain by Terence
             ... wielding a +0 trident
              (5 damage)
             ... on level 2 of the Dungeon.
             The game lasted 00:02:16 (994 turns).

experimilk the Cudgeller (Palentonga Fighter)        Turns: 994, Time: 00:02:17

Health: -1/31      AC:  8    Str: 21    XL:     3   Next: 21%
Magic:  3/3        EV:  8    Int:  8    God:
Gold:   46         SH:  4    Dex:  9    Spells: 2/2 levels left

rFire   . . .      SeeInvis +   a - +0 flail
rCold   . . .      Faith    .   c - +0 buckler
rNeg    . . .      Spirit   .   m - +0 ring mail
rPois   .          Reflect  .   (no helmet)
rElec   .          Harm     .   (no cloak)
rCorr   .          Rampage  .   l - +1 pair of gloves
Will    .....                   (no barding)
Stlth   ..........              (no amulet)
HPRegen 0.10/turn               f - ring of flight
MPRegen 0.08/turn               (no ring)

@: mighty, flying
A: large, rugged brown scales 3, see invisible, deformed body, roll 1, armoured
tail
a: Rolling Charge


You were on level 2 of the Dungeon.
You visited 1 branch of the dungeon, and saw 2 of its levels.

You collected 46 gold pieces.

Inventory:

Hand Weapons
 a - a +0 flail (weapon)
Missiles
 h - 9 poisoned darts (quivered)
Armour
 c - a +0 buckler (worn)
 l - a +1 pair of gloves (worn)
 m - a +0 ring mail (worn)
Jewellery
 f - a ring of flight (left hand)
Scrolls
 e - a scroll of enchant weapon {unknown}
 g - a scroll of identify {unknown}
 k - a scroll of blinking {unknown}
Potions
 i - 3 potions of curing {unknown}
 j - a potion of mutation {unknown}
 n - a potion of magic {unknown}


   Skills:
 - Level 3.0 Fighting
 + Level 3.7 Maces & Flails
 - Level 2.4 Armour
 - Level 2.4 Shields


You had 2 spell levels left.
You didn't know any spells.
Your spell library contained the following spells:

 Spells                   Type           Power      Damage    Failure   Level
 Corpse Rot               Necr/Air       0%         N/A       80%         2
 Poisonous Vapours        Pois/Air       0%         N/A       80%         2


Dungeon Overview and Level Annotations

Branches:
Dungeon (2/15)

Altars:

Annotations:
D:2 Terence


Innate Abilities, Weirdness & Mutations

You are completely covered in rugged brown scales. (AC +3, +7% HP)
You have supernaturally acute eyesight. (SInv)
Armour fits poorly on your strangely shaped body.
You can roll at nearby foes to attack.
You have a long armoured tail.


Message History

Unknown command.
You hit the kobold but do no damage.
Your tail-slap misses the kobold.
The kobold hits you but does no damage. The kobold barely misses you.
You closely miss the kobold. The kobold barely misses you.
You closely miss the kobold.
The kobold hits you with a +0 short sword.
Terence the Incautious comes into view.
He is wielding a +0 trident.
You hit the kobold. You tail-slap the kobold.
You kill the kobold!
Terence says, "You're history."
Things that are here:
a +0 short sword; a kobold corpse Roll where?
Press: ? - help, Dir - move target, f - Terence
Aim: Terence, wielding a +0 trident and wearing a +0 scale mail You roll forward with a clatter of scales!
You barely miss Terence. Terence hits you but does no damage.
Unknown command.
Unknown command.
You hit Terence.
Terence is moderately wounded.
Terence bares his teeth.
Terence hits you with a +0 trident! x2
You hit Terence.
Terence is moderately wounded.
Terence barely misses you.
You feel very mighty all of a sudden. You block Terence's attack.
You barely miss Terence.
Terence is moderately wounded.
Terence hits you with a +0 trident!
* * * LOW HITPOINT WARNING * * *
You hit Terence.
Terence is heavily wounded.
Terence hits you with a +0 trident.
* * * LOW HITPOINT WARNING * * *
You barely miss Terence.
Terence is heavily wounded.
Terence hits you with a +0 trident.
You die...

.<......#
...................###
.....................
........#...........
......#.#.##.......#
#######............##
..#####...##........
.................@#
.........<......@.#
.......#..###....#####
.......##....)........
......[##.###.........
....[..#..............
.......##.............
.......##..##....#####
.......##...#....#
.......##.#.#.....


You could see Terence.

Vanquished Creatures
  A dart slug (D:1)
  2 ball pythons (D:1)
  A bat (D:1)
  7 endoplasms (D:1)
  2 giant cockroaches
  2 hobgoblins (D:1)
  3 jackals (D:1)
  A quokka (D:2)
  3 goblins (D:1)
  4 kobolds
  4 rats (D:1)
30 creatures vanquished.

Notes
Turn   | Place    | Note
-------+----------+-------------------------------------------
     0 | D:1      | experimilk the Palentonga Fighter began the quest for the
                  | Orb.
     0 | D:1      | Reached XP level 1. HP: 19/19 MP: 1/1
   137 | D:1      | Reached XP level 2. HP: 22/25 MP: 2/2
   405 | D:1      | Reached XP level 3. HP: 31/31 MP: 3/3
   984 | D:2      | Noticed Terence
   994 | D:2      | Slain by Terence

Illustrated notes

Levels and vault maps discovered:
D:1:      lightli_arrival_boilingwater, layout_basic, roderic_three_in_a_row,
          minmay_split_cup_large
D:2:      layout_basic, serial_shops, nicolae_diamond_shop, uniq_terence

Skill      XL: |  1  2 |
---------------+-------+-----
Maces & Flails | 3 |  3.7
Fighting       | |  3.0
Armour         | |  2.4
Shields        | |  2.4

Action                   || total
-------------------------++-------
Melee: Flail             ||    77
       Tailslap          ||     4
Throw: Dart              ||     4
 Abil: Rolling Charge    ||    18
  Use: Potion            ||     1
Armor: Scale mail        ||    33
       Ring mail         ||     3
Dodge: Dodged            ||    24
Block: Buckler           ||    12

Table legend: (Time is in decaauts)
 A = Elapsed time spent in this place.
 B = Non-inter-level travel time spent in this place.
 C = Inter-level travel time spent in this place.
 D = Time resting spent in this place.
 E = Time spent auto-exploring this place.
 F = Levels seen in this place.
 G = Mean time per level.
                   A        B        C        D        E       F      G
               +--------+--------+--------+--------+--------+-----+--------+
         Total |   1016 |    992 |     24 |    278 |    393 |   2 |  508.0 |
       Dungeon |   1016 |    992 |     24 |    278 |    393 |   2 |  508.0 |
               +--------+--------+--------+--------+--------+-----+--------+

Top non-repeatable levels by time:
     D:1: 944 daAuts
     D:2: 72 daAuts
